 Dungeon Crawl Stone Soup version 0.17-a0-464-g85d6e2c (webtiles) character file.

6139 Ladykiller69 the Cleaver (level 11, -13/81 HPs)
             Began as a Formicid Fighter on Apr 6, 2015.
             Was a High Priest of Cheibriados.
             Mangled by Maud
             ... wielding a +1 double sword
              (45 damage)
             ... on level 12 of the Dungeon.
             The game lasted 00:24:59 (7840 turns).

Ladykiller69 the Cleaver (Formicid Fighter)         Turns: 7840, Time: 00:24:59

Health: -13/81     AC: 14    Str: 34 (36) XL:     11   Next: 13%
Magic:  12/14      EV: 11    Int: 22      God:    Cheibriados [*****.]
Gold:   817        SH: 14    Dex: 23      Spells: 0 memorised, 10 levels left

rFire  . . .     SeeInvis +     s - +0 battleaxe
rCold  . . .     Clarity  .     E - +0 plate armour
rNeg   . . .     SustAb   .     c - +0 shield
rPois  .         Gourm    .     (helmet unavailable)
rElec  .         Spirit   .     (no cloak)
rCorr  .         Warding  .     p - +0 pair of gloves
rMut   .         Stasis   +     (no boots)
MR     +....                    (no amulet)
Stlth  ..........               (no ring)
                                (no ring)

@: very slow, somewhat resistant to hostile enchantments, extremely unstealthy
A: permanent stasis, dig shafts and tunnels, four strong arms, antennae 3
a: Dig, Shaft Self, Bend Time, Temporal Distortion, Slouch, Step From Time,
Renounce Religion


You were on level 12 of the Dungeon.
You worshipped Cheibriados.
Cheibriados was extremely pleased with you.
You were hungry.

You visited 2 branches of the dungeon, and saw 11 of its levels.
You also visited: Ossuary.

You collected 817 gold pieces.

Inventory:

Hand weapons
 a - a +1 war axe
 e - a +2 whip of freezing
 s - a +0 battleaxe (weapon)
Missiles
 g - 15 tomahawks (quivered)
 x - 2 throwing nets
Armour
 b - a cursed +0 scale mail
 c - a +0 shield (worn)
 p - a +0 pair of gloves (worn)
 r - a +0 chain mail
 E - a +0 plate armour (worn)
Jewellery
 f - a +6 ring of strength {unknown}
 l - a cursed amulet of inaccuracy {unknown}
 m - an uncursed ring of protection from magic {unknown}
 v - an uncursed amulet of resist corrosion {unknown}
 w - an uncursed amulet of resist corrosion {unknown}
 z - a cursed amulet of clarity {unknown}
 F - a +1 ring of evasion {unknown}
Magical devices
 n - a wand of hasting (4)
 A - a wand of disintegration (10)
 D - a wand of digging (12)
Scrolls
 h - 3 scrolls of blinking
 i - a scroll of recharging {unknown}
 j - 3 scrolls of enchant weapon
 k - 8 scrolls of identify
 q - a scroll of magic mapping
 u - 5 scrolls of remove curse
 y - a scroll of amnesia
Potions
 B - 2 potions of agility
 C - 2 potions of haste {unknown}
 H - a potion of restore abilities {unknown}
 I - a potion of poison {unknown}
 J - a potion of brilliance {unknown}
Books
 K - a Necronomicon {highlevel, unknown}

   This book is beyond your current level of understanding.

   Spells                             Type                      Level
   a - Haunt                          Necromancy/Summoning         7
   b - Borgnjor's Revivification      Necromancy                   8
   c - Death's Door                   Charms/Necromancy            8
   d - Necromutation                  Transmutation/Necromancy     8
Comestibles
 d - 6 bread rations
 o - 7 meat rations
 t - 2 beef jerkies
 G - 3 fruits
 L - 2 chunks of flesh


   Skills:
 - Level 6.0 Fighting
 + Level 10.6 Axes
 + Level 6.5 Armour
 + Level 3.8 Dodging
 - Level 10.0 Shields
 + Level 5.3 Invocations


You had 10 spell levels left.
You didn't know any spells.

Dungeon Overview and Level Annotations

Branches:
Dungeon (12/15)            Temple (1/1) D:4
   Lair: D:8-11         Orc: D:9-12

Altars:
Ashenzari
Cheibriados
Dithmenos
Elyvilon
Fedhas
Gozag
Kikubaaqudgha
Makhleb
Nemelex Xobeh
Okawaru
Qazlal
Ru
Sif Muna
Trog
Vehumet
Xom
Yredelemnul
Zin
The Shining One

Annotations:
D:2 Yiuff!, exclusion: door
D:12 Maud


Innate Abilities, Weirdness & Mutations

You are under a permanent stasis effect.
You can dig through walls and to a lower floor.
Your four strong arms can wield two-handed weapons with a shield.
You have a pair of large antennae on your head (SInv).


Message History

Maud hits you but does no damage. You block the iguana's attack.
You hit Maud but do no damage.
Maud is moderately wounded.
You slash the iguana!
You kill the iguana!
Cheibriados appreciates the change of pace.
Maud hits you with an enchanted double sword!
You closely miss Maud.
Maud is moderately wounded.
You slice Maud!!
Maud is moderately wounded.
Maud is no longer moving slowly.
Maud closely misses you.
You hit Maud.
Maud is moderately wounded.
Maud hits you with an enchanted double sword!!
You slice Maud!!
Maud is heavily wounded.
Maud hits you with an enchanted double sword!!!
Ouch! That really hurt!
You die...

###.....# ........
........#..........#.
###.....##..........).
#.....##......≈......
###.....##.....≈≈.......
........##..............
###......+..............
......##.#..........P.###
#####'##.#......@(.......
#...........####@##.#...
#...........# .#
#...........# .#
................ .#
.............### ##
...............
....####...... ###
#......


You could see Maud and an active ballistomycete.

Vanquished Creatures
  A centaur warrior (D:8)
  Pikel (D:4)
  Joseph (D:8)
  Sigmund (D:6)
  A yak (D:8)
  A hungry ghost (D:7)
  3 orc warriors
  An ice beast (D:7)
  A necrophage (D:6)
  A wasp (D:7)
  A sky beast (D:7)
  2 phantoms (D:4)
  2 centaurs
  A crocodile (D:12)
  5 ogres
  Blork the orc (D:5)
  4 giant frogs
  A gnoll sergeant (D:7)
  2 scorpions
  7 killer bees
  A wyvern skeleton (D:8)
  A goliath beetle (D:8)
  5 crimson imps
  A centaur zombie (D:6)
  5 hounds
  8 orc priests
  A quasit (D:5)
  3 jellies
  A centaur skeleton (D:4)
  2 iguanas
  4 worker ants
  Natasha (thrice) (D:3)
  19 orc wizards
  A big kobold zombie (Ossuary)
  2 mummies (Ossuary)
  13 adders
  12 gnolls
  A shadow imp (D:7)
  2 worms (D:3)
  An adder zombie (D:6)
  4 giant geckos
  2 oozes
  46 orcs
  2 ball pythons
  4 bat skeletons
  A bat zombie (D:6)
  3 giant cockroaches
  4 gnoll zombies (Ossuary)
  9 hobgoblins
  5 jackals
  2 quokkas
  13 bats
  7 giant newts
  A giant spore (D:12)
  8 goblins
  3 goblin zombies (Ossuary)
  4 hobgoblin zombies (Ossuary)
  14 kobolds
  2 orc zombies (Ossuary)
  16 rats
  A ballistomycete (D:12)
  A fungus (D:2)
276 creatures vanquished.

Vanquished Creatures (others)
  An orc wizard (D:7)
  A giant gecko (D:4)
  A giant cockroach (D:4)
  A quokka (D:4)
  A giant spore (D:7)
5 creatures vanquished.

Grand Total: 281 creatures vanquished

Notes
Turn   | Place    | Note
--------------------------------------------------------------
     0 | D:1      | Ladykiller69, the Formicid Fighter, began the quest for the Orb.
     0 | D:1      | Reached XP level 1. HP: 18/18 MP: 1/1
   104 | D:1      | Reached XP level 2. HP: 18/24 MP: 2/2
   742 | D:2      | Reached XP level 3. HP: 27/29 MP: 3/3
   783 | D:2      | Reached skill level 4 in Shields
   881 | D:2      | Reached XP level 4. HP: 27/37 MP: 4/4
  1330 | D:3      | Reached XP level 5. HP: 36/42 MP: 5/5
  1401 | D:3      | Noticed Natasha
  1410 | D:3      | Killed Natasha
  1734 | D:3      | Noticed Natasha
  1746 | D:3      | Killed Natasha
  1952 | D:3      | Reached XP level 6. HP: 42/48 MP: 6/6
  2518 | D:4      | Reached skill level 5 in Shields
  2531 | D:4      | Reached XP level 7. HP: 29/55 MP: 7/7
  2666 | D:4      | Reached skill level 5 in Axes
  2881 | D:4      | Noticed a slave
  2882 | D:4      | Noticed a slave
  2954 | D:4      | Reached skill level 5 in Fighting
  3359 | D:4      | Noticed a slave
  3361 | D:4      | Noticed Pikel
  3368 | D:4      | Noticed a slave
  3374 | D:4      | Killed Pikel
  3374 | D:4      | Reached skill level 6 in Fighting
  3374 | D:4      | Reached skill level 7 in Axes
  3374 | D:4      | Reached XP level 8. HP: 50/64 MP: 8/8
  3394 | D:4      | Found a staircase to the Ecumenical Temple.
  3466 | Temple   | Entered the Ecumenical Temple
  3508 | Temple   | Became a worshipper of Cheibriados the Contemplative
  3582 | D:3      | Noticed Natasha
  3584 | D:3      | Killed Natasha
  3961 | D:5      | Entered Level 5 of the Dungeon
  3975 | D:5      | Found a shadowy altar of Dithmenos.
  3982 | D:5      | Noticed Blork the orc
  4014 | D:4      | Reached XP level 9. HP: 38/69 MP: 9/9
  4185 | D:5      | Acquired Cheibriados's first power
  4245 | D:5      | Killed Blork the orc
  4325 | D:5      | Reached skill level 8 in Axes
  4517 | D:5      | Found a shimmering altar of Xom.
  4775 | D:6      | Found a sand-covered staircase.
  4797 | Ossuary  | Entered an ossuary
  5172 | D:6      | Noticed Sigmund
  5179 | D:6      | Reached skill level 9 in Shields
  5186 | D:6      | Killed Sigmund
  5186 | D:6      | Acquired Cheibriados's second power
  5701 | D:7      | Reached XP level 10. HP: 69/76 MP: 10/10
  5748 | D:7      | Reached skill level 10 in Shields
  5768 | D:7      | Reached skill level 1 in Invocations
  5775 | D:7      | Acquired Cheibriados's third power
  5832 | D:7      | Reached skill level 1 in Dodging
  6195 | D:7      | Reached skill level 10 in Axes
  6203 | D:7      | Reached skill level 5 in Armour
  6403 | D:7      | Acquired Cheibriados's fourth power
  7376 | D:8      | Noticed Joseph
  7391 | D:8      | Killed Joseph
  7471 | D:8      | Noticed a centaur warrior
  7490 | D:8      | Killed a centaur warrior
  7490 | D:8      | Reached skill level 5 in Invocations
  7490 | D:8      | Reached XP level 11. HP: 62/81 MP: 14/14
  7678 | D:8      | Noticed an eight-headed hydra
  7681 | D:8      | Noticed a centaur warrior
  7681 | D:8      | You fall through a shaft for 3 floors!
  7827 | D:12     | Noticed Maud
  7840 | D:12     | Mangled by Maud

Action                   |  1- 3 |  4- 6 |  7- 9 | 10-12 || total
-------------------------+-------+-------+-------+-------++-------
Melee: War axe           |    81 |   189 |   379 |   139 ||   788
       Battleaxe         |       |       |       |   152 ||   152
Throw: Tomahawk          |       |       |       |     1 ||     1
Invok: Bend Time         |       |       |       |     2 ||     2
 Abil: Dig               |       |     5 |    10 |     6 ||    21
       Shaft Self        |       |       |       |     1 ||     1
  Use: Potion            |       |       |     5 |       ||     5
       Scroll            |       |       |     7 |       ||     7
 Stab: Invisible         |       |       |     2 |       ||     2
  Eat: Chunk             |       |     5 |    12 |     6 ||    23
